 Dungeon Crawl Stone Soup version 0.26.1-11-gd32895ea62 (webtiles) character file.

Game seed: 17029562313229349515

64 DearestLeader the Sneak (level 3, -1/16 HPs)
             Began as a Spriggan Enchanter on Apr 26, 2021.
             Killed from afar by Sigmund (15 damage)
             ... with a puff of flame
             ... on level 2 of the Dungeon.
             The game lasted 00:02:44 (1757 turns).

DearestLeader the Sneak (Spriggan Enchanter)        Turns: 1757, Time: 00:02:45

Health: -1/16      AC:  2    Str:  4    XL:     3   Next: 91%
Magic:  11/17      EV: 18    Int: 17    God:
Gold:   105        SH:  0    Dex: 16    Spells: 1/7 levels left

rFire    . . .     SeeInvis +   a - +1 dagger
rCold    . . .     Faith    .   (shield restricted)
rNeg     . . .     Spirit   .   b - +0 robe
rPois    .         Reflect  .   (helmet restricted)
rElec    .         Harm     .   (no cloak)
rCorr    .         Rampage  .   (gloves unavailable)
Will     .....                  (boots unavailable)
Stlth    +++.......             (no amulet)
HPRegen  0.05/turn              c - ring of magical power
MPRegen  0.15/turn              (no ring)

@: very quick
A: very small, unfitting armour, see invisible, speed 3
a: no special abilities


You were on level 2 of the Dungeon.
You visited 1 branch of the dungeon, and saw 2 of its levels.

You collected 105 gold pieces.

Inventory:

Hand Weapons
 a - a +1 dagger (weapon)
 f - a +0 hunting sling
Missiles
 j - 11 boomerangs (quivered)
Armour
 b - a +0 robe (worn)
Jewellery
 c - a ring of magical power (left hand)
 l - an uncursed ring of poison resistance {unknown}
Scrolls
 d - 3 scrolls of identify {unknown}
 e - a scroll of amnesia {unknown}
 g - a scroll of fear {unknown}
 i - a scroll of blinking {unknown}
 k - a scroll of enchant weapon {unknown}
 m - a scroll of magic mapping {unknown}
 n - a scroll of noise {unknown}
Potions
 h - a potion of haste {unknown}
 o - a potion of ambrosia {unknown}


   Skills:
 * Level 3.1 Short Blades
 - Level 3.0 Dodging
 + Level 5.3 Stealth
 - Level 2.6 Spellcasting
 + Level 4.2 Hexes


You had one spell level left.
You knew the following spells:

 Your Spells              Type           Power        Failure   Level
a - Corona                Hex            17%          3%          1
b - Ensorcelled Hibernat  Hex/Ice        18%          12%         2
c - Confusing Touch       Hex            16%          10%         3

Your spell library contained the following spells:

 Spells                   Type           Power        Failure   Level
 Tukima's Dance           Hex            16%          10%         3
 Dazzling Flash           Conj/Hex       18%          22%         3


Dungeon Overview and Level Annotations

Branches:
Dungeon (2/15)

Altars:
Fedhas

Annotations:
D:2 Sigmund


Innate Abilities, Weirdness & Mutations

You are very small and have problems with some larger weapons.
You are too small for most types of armour.
You have supernaturally acute eyesight. (SInv)
You cover ground extremely quickly.


Message History

Press: ? - help, Shift-Dir - straight line, f - Sigmund
Aim: Sigmund, wielding a +0 scythe, wearing a +0 robe of willpower and carrying a wand of flame (14) (severely wounded, chance to affect: 18%) Sigmund resists with almost no effort.
Sigmund hits you with a +0 scythe.
Casting: Ensorcelled Hibernation (safe; 12% risk of failure)
Confirm with . or Enter, or press ? or * to list all spells.
Aiming: Ensorcelled Hibernation (safe; 12% risk of failure)
Press: ? - help, Shift-Dir - straight line, f/p - Sigmund
Aim: Sigmund, wielding a +0 scythe, wearing a +0 robe of willpower and carrying a wand of flame (14) (severely wounded, chance to affect: 18%) Sigmund resists with almost no effort.
Sigmund points at you and mumbles some strange words.
The puff of flame misses you.
Casting: Ensorcelled Hibernation (safe; 12% risk of failure)
Confirm with . or Enter, or press ? or * to list all spells.
Aiming: Ensorcelled Hibernation (safe; 12% risk of failure)
Press: ? - help, Shift-Dir - straight line, f/p - Sigmund
Aim: Sigmund, wielding a +0 scythe, wearing a +0 robe of willpower and carrying a wand of flame (14) (severely wounded, chance to affect: 18%) Sigmund resists with almost no effort.
Sigmund zaps a wand.
The puff of flame hits you!
Ouch! That really hurt!
You die...

##### ....#
###.################
............>...@@.#
###.#######.######.#
###.#######.####...#
..#..............#
#.################
#.#..............#
#.#.############.# #.#..<#
#†#
#.##############.##########


You could see Sigmund.

Vanquished Creatures
  4 adders (D:2)
  An ooze (D:2)
  A dart slug (D:1)
  A leopard gecko (D:2)
  A giant cockroach (D:1)
  3 goblins
  2 hobgoblins
  A quokka (D:2)
  2 bats
  2 frilled lizards (D:1)
  2 kobolds
  5 rats
25 creatures vanquished.

Vanquished Creatures (others)
  5 toadstools (D:1)
5 creatures vanquished.

Grand Total: 30 creatures vanquished

Notes
Turn   | Place    | Note
-------+----------+-------------------------------------------
     0 | D:1      | DearestLeader the Spriggan Enchanter began the quest for
                  | the Orb.
     0 | D:1      | Reached XP level 1. HP: 9/9 MP: 5/5
   435 | D:1      | Reached XP level 2. HP: 13/13 MP: 6/6
   452 | D:1      | You fall into a shaft and drop 1 floor!
   452 | D:2      | Found a blossoming altar of Fedhas.
   467 | D:2      | Learned a level 2 spell: Ensorcelled Hibernation
  1174 | D:2      | Reached skill level 5 in Stealth
  1174 | D:2      | Reached XP level 3. HP: 16/16 MP: 8/8
  1245 | D:2      | Learned a level 3 spell: Confusing Touch
  1748 | D:2      | Noticed Sigmund
  1757 | D:2      | Killed from afar by Sigmund

Illustrated notes

Levels and vault maps discovered:
D:1:      ldierk_walled_garden, layout_basic
D:2:      layout_basic, fedhas_ov_isle_minmay, kennysheep_okawaru_gauntlet,
          uniq_sigmund

Skill      XL: |  1  2  3 |
---------------+----------+-----
Short Blades   | 2 3 |  3.1
Hexes          | 4 |  4.2
Stealth        | 5 |  5.3
Dodging        | |  3.0
Spellcasting   | |  2.6

Action                   || total
-------------------------++-------
Melee: Dagger            ||    70
 Cast: Corona            ||     5
       Ensorcelled Hiber ||    15
 Stab: Sleeping          ||    16
Armor: Robe              ||     4
Dodge: Dodged            ||    45
